 Dungeon Crawl Stone Soup version 0.30.0-16-gbe6223bb7e (webtiles) character file.

Game seed: 5067049611204677184

123 SnakkuSnakku7 the Charlatan (level 4, -2/58 HPs)
             Began as an Armataur Artificer on May 21, 2023.
             Succumbed to an orc's poison
             ... on level 3 of the Dungeon.
             The game lasted 00:03:30 (1900 turns).

SnakkuSnakku7 the Charlatan (Armataur Artificer)    Turns: 1900, Time: 00:03:31

Health: -2/58      AC: 22    Str: 19    XL:     4   Next: 79%
Magic:  4/4        EV:  1    Int: 11    God:
Gold:   145        SH:  0    Dex: 11    Spells: 3/3 levels left

rFire   . . .        a - +0 hand axe
rCold   . . .        (no shield)
rNeg    . . .        j - melded +0 ring mail
rPois   +            (helmet currently unavailable)
rElec   .            (cloak currently unavailable)
rCorr   .            g - melded +0 pair of gloves
SInv    .            (no barding)
Will    .....        (no amulet)
Stlth   +            (no ring)
HPRegen 0.29/turn    (no ring)
MPRegen 0.09/turn

%: roll
@: lethally poisoned (-2 -> -20), tree-form, hasted, very quick
A: stationary, stasis, torment immunity, boosted hp, large, rugged brown scales
3, (deformed body), (armoured tail), roll, long tongue, awkward tongue
a: no special abilities


You were on level 3 of the Dungeon.
You were a tree.
You visited 1 branch of the dungeon, and saw 3 of its levels.

You collected 145 gold pieces.

Inventory:

Hand Weapons
 a - a +0 hand axe (weapon)
 k - a +0 whip
 n - a +0 club
Armour
 b - a +0 leather armour
 g - a +0 pair of gloves (melded)
 j - a +0 ring mail (melded)
Wands
 c - a wand of flame (26) (quivered)
 d - a wand of charming (15)
 e - a wand of iceblast (5)
Scrolls
 h - a scroll of blinking {unknown}
 i - 2 scrolls of identify {unknown}
 m - a scroll of fog {unknown}
Potions
 f - 2 potions of lignification
 l - a potion of degeneration {unknown}
 o - a potion of curing {unknown}


   Skills:
 - Level 2.9 Fighting
 + Level 2.4(2.5) Axes
 - Level 0.8(1.9) Maces & Flails
 - Level 2.4 Armour
 - Level 0.6 Dodging
 - Level 1.1 Stealth
 - Level 3.0 Evocations


You had 3 spell levels left.
You didn't know any spells.
Your spell library was empty.

Dungeon Overview and Level Annotations

Branches:
Dungeon (3/15)

Altars:
Hepliaklqana


Innate Abilities, Weirdness & Mutations

You are a tree.
Your roots penetrate the ground, keeping you stationary.
You cannot be teleported.
You are immune to unholy pain and torment.
Your maximum health is greatly increased.
Your equipment is partially melded.
(You are completely covered in rugged brown scales. (AC +3, +7% HP))
((Armour fits poorly on your strangely shaped body.))
((You have a long armoured tail.))
You roll when moving toward enemies. (Rampage)
Your long tongue fully drains potion bottles. (2x potion effects)
Your tongue gives you trouble enunciating. (1.5x scroll delay)


Message History

The adder bites you but does no damage. The ball python barely misses you.
The orc hits you with a +1 dagger of venom.
You miss the adder.
The adder is moderately wounded.
You hit the ball python but do no damage.
You hit the orc.
You feel very sick. The adder barely misses you.
The ball python barely misses you. The orc hits you but does no damage.
You are more poisoned.
The adder completely misses you.
You hit the orc.
The orc is heavily wounded.
You barely miss the adder. You closely miss the ball python.
You feel very sick.
The ball python bites you but does no damage.
The orc hits you with a +1 dagger of venom.
You are lethally poisoned!
The adder barely misses you.
The ball python bites you but does no damage.
You feel very sick. The adder barely misses you.
The orc attacks as you move away!
The orc hits you with a +1 dagger of venom.
* * * LOW HITPOINT WARNING * * *
You are more poisoned.
The adder attacks as you move away! The adder barely misses you.
* * * LOW HITPOINT WARNING * * *
You feel very sick.
It was a potion of lignification.
You turn into a tree.
Your +0 pair of gloves melds into your body.
Your +0 ring mail melds into your body.
Your roots penetrate the ground.
You slurp down every last drop of the potion of lignification!
* * * LOW HITPOINT WARNING * * *
You feel very sick.
The ball python bites you but does no damage.
The orc completely misses you.
It was a potion of haste.
You feel yourself speed up.
You slurp down every last drop of the potion of haste!
You die...

###############
####.............#
#....######......#
#...## ##..♣#.#
#...# #.So# #...#
#..S# #...# #...#
#.).# #...#
#...###### #....
#...#..... ......
#...########......
#...# #.......


You could see an adder, an orc and a ball python.

Vanquished Creatures
  5 gnolls
  2 adders
  A dart slug (D:1)
  An orc (D:3)
  9 ball pythons
  7 endoplasms
  3 giant cockroaches (D:1)
  3 goblins (D:2)
  4 hobgoblins
  A kobold (D:1)
  2 quokkas
  7 bats
  5 frilled lizards
  7 rats
57 creatures vanquished.

Notes
Turn   | Place    | Note
-------+----------+-------------------------------------------
     0 | D:1      | SnakkuSnakku7 the Armataur Artificer began the quest for
                  | the Orb.
     0 | D:1      | Reached XP level 1. HP: 16/16 MP: 1/1
    20 | D:1      | Reached skill level 1 in Fighting
   247 | D:1      | Reached XP level 2. HP: 23/25 MP: 2/2
   531 | D:1      | Found a faded altar of an unknown god.
   806 | D:2      | Reached XP level 3. HP: 26/32 MP: 3/3
  1225 | D:2      | Identified the +3 short sword of the Thieving Lamprey
                  | {venom, rC+ rCorr Str+3}
  1309 | D:2      | Reached skill level 1 in Axes
  1424 | D:2      | Found a hazy altar of Hepliaklqana.
  1511 | D:2      | Reached XP level 4. HP: 29/39 MP: 4/4
  1899 | D:3      | HP: 2/58 [poisoned by an orc]
  1900 | D:3      | Succumbed to an orc's poison

Illustrated notes

Levels and vault maps discovered:
D:1:      dpeg_arrival_erosion, layout_basic,
          hellmonk_ecumenical_altar_defaced_shrine
D:2:      layout_rooms, basic_altar, minmay_joined_circles
D:3:      layout_basic, serial_co_window_serial, co_window_paths_a,
          co_window_paths_a, co_window_of_opportunity_a, co_window_paths_a,
          co_window_of_opportunity_a, co_window_broadway_b,
          co_window_broadway_a, co_window_2corner, co_window_sun,
          co_window_paths_e, glass_columns_c, glass_columns_b

Skill      XL: |  1  2  3  4 |
---------------+-------------+-----
Fighting       | 2 |  2.9
Axes           | 1 2 |  2.4
Maces & Flails | |  0.8
Armour         | |  2.4
Dodging        | |  0.6
Stealth        | |  1.1
Evocations     | |  3.0

Action                     |  1- 3 |  4- 6 || total
---------------------------+-------+-------++-------
  Melee: Club              |    33 |       ||    33
         Tailslap          |    15 |     3 ||    18
         Punch             |     1 |       ||     1
         Whip              |    94 |       ||    94
         Hand axe          |    37 |    51 ||    88
    Use: Potion            |       |     2 ||     2
   Stab: Sleeping          |     1 |       ||     1
 Armour: Leather armour    |    16 |       ||    16
         Ring mail         |    89 |    35 ||   124
         Skin              |       |     1 ||     1
  Dodge: Dodged            |    74 |    37 ||   111
